 Dungeon Crawl Stone Soup version 0.17.1-3-g152610e (webtiles) character file.

156 williamiamiam the Skirmisher (level 5, -6/38 HPs)
             Began as a High Elf Air Elementalist on Mar 30, 2016.
             Mangled by williamiamiam's ghost (8 damage)
             ... on level 3 of the Dungeon.
             The game lasted 00:19:56 (2943 turns).

williamiamiam the Skirmisher (HEAE)                 Turns: 2943, Time: 00:19:56

Health: -6/38      AC:  3    Str:  7    XL:     5   Next: 15%
Magic:  7/9        EV: 12    Int: 20    God:
Gold:   129        SH:  0    Dex: 15    Spells: 1 memorised, 7 levels left

rFire  . . .     SeeInvis .     k - +0 mace
rCold  . . .     Clarity  .     a - +0 robe
rNeg   . . .     SustAt   .     (no shield)
rPois  .         Gourm    .     (no helmet)
rElec  .         Spirit   .     (no cloak)
rCorr  .         Warding  .     j - +0 pair of gloves (curse)
rMut   .         Stasis   .     (no boots)
MR     .....                    (no amulet)
Stlth  ++........               (no ring)
                                p - ring of wizardry

@: not resistant to hostile enchantments, unstealthy
A: no striking features
a: no special abilities


You were on level 3 of the Dungeon.
You were not hungry.

You visited 1 branch of the dungeon, and saw 3 of its levels.

You collected 129 gold pieces.

Inventory:

Hand Weapons
 k - a +0 mace (weapon)
Armour
 a - a +0 robe (worn)
 j - a cursed +0 pair of gloves (worn)
Jewellery
 n - a cursed ring of loudness {unknown}
 p - a ring of wizardry (left hand)
Scrolls
 d - a scroll of random uselessness
 f - a scroll of remove curse {unknown}
 i - 4 scrolls of identify
 l - 2 scrolls of recharging {unknown}
 m - a scroll of immolation {unknown}
 o - 2 scrolls of teleportation {unknown}
Potions
 e - 2 potions of curing {unknown}
 g - 2 potions of lignification
 h - a potion of agility {unknown}
 r - a potion of ambrosia {unknown}
 t - a potion of resistance {unknown}
Books
 b - a book of Air

   Spells                             Type                      Level
   a - Shock                          Conjuration/Air              1
   b - Swiftness                      Charms/Air                   2
   c - Repel Missiles                 Charms/Air                   2
   d - Static Discharge               Conjuration/Air              3
   e - Lightning Bolt                 Conjuration/Air              5
Comestibles
 c - 2 bread rations
 q - 7 chunks of flesh
 s - a beef jerky


   Skills:
 + Level 4.9 Fighting
 - Level 2.1 Dodging
 - Level 2.1 Stealth
 - Level 2.4 Spellcasting
 - Level 1.1 Conjurations
 - Level 3.6 Air Magic


You had 7 spell levels left.
You knew the following spells:

 Your Spells              Type           Power        Failure   Level  Hunger
a - Shock                 Conj/Air       ##..         4%          1    #......


Dungeon Overview and Level Annotations

Branches:
Dungeon (3/15)

Altars:
Ru

Annotations:
D:3 williamiamiam's ghost, amateur CeHu


Message History

Williamiamiam's ghost barely misses you.
There is an open door here.
Williamiamiam's ghost closely misses you.
Things that are here:
a dagger; a robe Williamiamiam's ghost hits you.
Williamiamiam's ghost hits you.
* * * LOW HITPOINT WARNING * * *
As you read the scroll labeled ISUAST CEYSSIG, it crumbles to dust.
It is a scroll of identify.
Identify which item? (\ to view known items) (? for menu, Esc to quit)
g - 2 potions of lignification Williamiamiam's ghost hits you.
* * * LOW HITPOINT WARNING * * *
A giant cockroach comes into view.
Williamiamiam's ghost hits you.
* * * LOW HITPOINT WARNING * * *
Williamiamiam's ghost completely misses you.
Williamiamiam's ghost hits you!
You die...

##..........# #...........#
#.#######.### ... #.# #..## ...
#)#### ###..# ... #....# #....#
#.# #.'#######'.# #.#
#.#...#...#W# #.#
####.#.รท.#...#@###.########
#....#.......#..........).#
#.######._.###.###.####.#######
#.####.......#..#..............
#.##.#...#...#..#..###.........
#.##.#...#...#.....# #.....^...
#.##.'#######'.....# ##########
#.##...............#
###.##.........####..#


You could see williamiamiam's ghost.

Vanquished Creatures
  An orc wizard (D:3)
  3 adders
  5 gnolls
  3 worms (D:2)
  A ball python (D:3)
  2 giant cockroaches
  8 goblins
  6 hobgoblins
  5 kobolds
  A quokka (D:2)
  4 bats
  3 giant geckos
  A giant newt (D:1)
  7 rats
50 creatures vanquished.

Notes
Turn   | Place    | Note
--------------------------------------------------------------
     0 | D:1      | williamiamiam the High Elf Air Elementalist began the quest for the Orb.
     0 | D:1      | Reached XP level 1. HP: 11/11 MP: 4/4
   237 | D:1      | Reached skill level 1 in Fighting
   704 | D:1      | Reached XP level 2. HP: 5/19 MP: 1/6
  1342 | D:2      | Reached XP level 3. HP: 25/25 MP: 5/7
  2367 | D:2      | Reached XP level 4. HP: 30/32 MP: 1/8
  2587 | D:3      | Reached skill level 4 in Fighting
  2742 | D:3      | Found a sacrificial altar of Ru.
  2765 | D:3      | Reached XP level 5. HP: 34/38 MP: 1/9
  2902 | D:3      | Noticed williamiamiam's ghost (amateur CeHu)
  2937 | D:3      | HP: 1/38 [williamiamiam's ghost (4)]
  2943 | D:3      | Mangled by williamiamiam's ghost

Action                   |  1- 3 |  4- 6 || total
-------------------------+-------+-------++-------
Melee: Unarmed           |    14 |       ||    14
       Mace              |    22 |     6 ||    28
 Cast: Shock             |   106 |    45 ||   151
  Use: Scroll            |     1 |     1 ||     2
  Eat: Chunk             |     3 |       ||     3
       Bread ration      |     1 |       ||     1
